 Dungeon Crawl Stone Soup version 0.28.0-45-g0d030f2227 (webtiles) character file.

Game seed: 6482797127516517800

11191 mortz the Thaumaturge (level 11, -9/56 HPs)
             Began as a Deep Elf Conjurer on Apr 3, 2022.
             Was a Believer of Vehumet.
             Shot with an arrow by a tengu warrior (16 damage)
             ... on level 11 of the Dungeon on Apr 4, 2022.
             The game lasted 01:31:55 (10757 turns).

mortz the Thaumaturge (Deep Elf Conjurer)          Turns: 10757, Time: 01:31:55

Health: -9/56      AC:  5    Str:  4    XL:     11   Next: 46%
Magic:  32/39      EV: 13    Int: 34    God:    Vehumet [**....]
Gold:   675        SH:  0    Dex: 13    Spells: 13/37 levels left

rFire   . . .      SeeInvis .   j - +7 hand axe {axe}
rCold   . . .      Faith    .   (no shield)
rNeg    . . .      Spirit   .   S - +1 robe {Archmagi}
rPois   .          Reflect  .   m - +0 helmet
rElec   .          Harm     .   (no cloak)
rCorr   .          Rampage  .   (no gloves)
Will    +....      Archmagi +   J - +0 pair of boots
Stlth   +++.......              (no amulet)
HPRegen 0.18/turn               b - +6 ring of intelligence
MPRegen 0.26/turn               K - ring of magical power

@: no status effects
A: no striking features
a: Renounce Religion


You were on level 11 of the Dungeon.
You worshipped Vehumet.
Vehumet was pleased with you.
You visited 2 branches of the dungeon, and saw 12 of its levels.

You collected 675 gold pieces.


   Skills:
 + Level 1.3 Fighting
 + Level 1.8 Armour
 + Level 3.8 Dodging
 + Level 4.7 Stealth
 + Level 13.7 Spellcasting
 + Level 11.1 Conjurations
 + Level 3.0 Hexes
 * Level 6.6 Translocations
 + Level 2.4 Transmutations
 * Level 5.9 Air Magic
 + Level 5.1 Earth Magic
 + Level 0.9 Poison Magic


You had 13 spell levels left.
You knew the following spells:

 Your Spells              Type           Power      Damage    Failure   Level
a - Magic Dart            Conj           100%       1d8       1%          1
b - Searing Ray           Conj           100%       2d8       1%          2
c - Passwall              Tmut/Erth      54%        N/A       1%          2
d - Dazzling Flash        Conj/Hex       100%       N/A       1%          3
e - Iskenderun's Mystic   Conj/Tloc      90%        2d18      1%          4
f - Stone Arrow           Conj/Erth      100%       3d13      1%          3
g - Fulminant Prism       Conj/Hex       41%        3d20      1%          4
h - Swiftness             Air            77%        N/A       1%          3
i - Poisonous Vapours     Pois/Air       100%       N/A       1%          2

Your spell library contained the following spells:

 Spells                   Type           Power      Damage    Failure   Level
 Sandblast                Erth           100%       2d20      1%          1
 Ensorcelled Hibernation  Hex/Ice        100%       N/A       1%          2
 Tukima's Dance           Hex            60%        N/A       1%          3
 Passage of Golubria      Tloc           80%        N/A       1%          4
 Yara's Violent Unravell  Hex/Tmut       29%        3d12      16%         5

Inventory:

Hand Weapons
 f - a +4 long sword {long}
   (You took it off a wight on level 10 of the Dungeon)
 j - a +7 hand axe (weapon) {axe}
   (You took it off a wight on level 10 of the Dungeon)
 k - a +3 mace {mace}
   (You found it on level 3 of the Dungeon)
 o - a +2 dagger of flaming {short}
   (You took it off a goblin on level 2 of the Dungeon)
 p - a +2 great mace of holy wrath {mace}
   (You found it on level 4 of the Dungeon)
 q - a +1 trident of venom {polearm}
   (You took it off an orc warrior on level 8 of the Dungeon)
 u - the +4 war axe of Somewhere Else {drain, *Slow rElec rF+++ Will-, axe}
   (You found it on level 10 of the Dungeon)

   A truly terrible weapon, it drains the life of any living foe it strikes.
   rF:        It renders you almost immune to fire.
   rElec:     It insulates you from electricity.
   *Slow:     It may slow you when you take damage.
   Will:      It decreases your willpower.
 F - a +2 mace of protection {mace}
   (You took it off a gnoll on level 6 of the Dungeon)
 M - a +2 dagger of freezing {short}
   (You took it off an orc on level 7 of the Dungeon)
 U - the +3 trident of Abuse {chaos, rN+++ Dex+7 Stlth-, polearm}
   (You found it on level 9 of the Dungeon)

   Each time it hits an enemy it has a different, random effect.
   Dex:       It affects your dexterity (+7).
   rN:        It renders you almost immune to negative energy.
   Stlth:     It makes you less stealthy.
Missiles
 I - 29 poisoned darts {throwing}
Armour
 a - a +0 robe
 m - a +0 helmet (worn)
   (You found it on level 7 of the Dungeon)
 J - a +0 pair of boots (worn)
   (You found it on level 7 of the Dungeon)
 R - a +0 plate armour
   (You took it off an orc warrior on level 9 of the Dungeon)
 S - a +1 robe of the Archmagi (worn)
   (You took it off an orc wizard on level 9 of the Dungeon)
Magical Staves
 D - a staff of death {!astaff}
   (You found it on level 8 of the Dungeon)
Jewellery
 b - a +6 ring of intelligence (left hand)
   (You found it on level 1 of the Dungeon)
 d - a ring of see invisible
   (You found it on level 10 of the Dungeon)
 e - an amulet of magic regeneration {@e2}
   (You found it on level 1 of the Dungeon)
 g - an amulet of reflection
   (You found it on level 3 of the Dungeon)
 K - a ring of magical power (right hand)
   (You found it on level 7 of the Dungeon)
 N - an amulet of faith {!P}
   (You took it off a kobold brigand on level 8 of the Dungeon)
 O - an amulet of the acrobat
   (You found it on level 9 of the Dungeon)
 P - a ring of resist corrosion
   (You found it on level 9 of the Dungeon)
Wands
 l - a wand of paralysis (6)
   (You found it on level 10 of the Dungeon)
 B - a wand of flame (26)
   (You found it on level 5 of the Dungeon)
 H - a wand of acid (2)
   (You found it on level 7 of the Dungeon)
 L - a wand of polymorph (9)
   (You found it on level 7 of the Dungeon)
Scrolls
 c - 2 scrolls of fog
 i - 2 scrolls of immolation {unknown}
 t - 3 scrolls of teleportation {@r4}
 x - a scroll of enchant armour {unknown}
 y - a scroll of identify {@r1}
 z - 2 scrolls of amnesia
 A - 2 scrolls of enchant weapon
 E - a scroll of magic mapping {unknown}
 V - a scroll of summoning {unknown}
Potions
 h - 2 potions of mutation {!q}
 n - 2 potions of haste {@q3}
 r - 2 potions of brilliance
 s - 4 potions of lignification {!q}
 v - 2 potions of ambrosia
 w - a potion of invisibility
 G - 4 potions of curing {@q1}

Dungeon Overview and Level Annotations

Branches:
Dungeon (11/15)            Temple (1/1) D:6            Lair (0/6) D:10
    Orc (0/2) D:10

Altars:
Ashenzari
Cheibriados
Dithmenos
Elyvilon
Fedhas
Gozag
Hepliaklqana
Kikubaaqudgha
Makhleb
Nemelex Xobeh
Okawaru
Qazlal
Ru
Sif Muna
Trog
Uskayaw
Vehumet
Wu Jian
Xom
Yredelemnul
Zin
The Shining One
Jiyva

Shops:
D:3 ?

Annotations:
D:5 1 runed translucent door, Crazy Yiuf
D:9 Joseph
D:10 3 runed translucent doors, WaxSun's ghost, journeyman OgFE
D:11 1 exclusion, Psyche

#.# #.# #.# #.#
#.# #######Q###.#
..Q.........# #.#
#@# ##########
#.# #........>
#.# #.########
#######.#######.#
................#
############.####
#.# #.# #.#


You could see a tengu warrior (very poisoned).


Message History

😎 MP[-3]
You lost 3 mp, and now have 27/39 mp.
Casting: Stone Arrow (safe; 1% risk of failure)
Confirm with . or Enter, or press ? or * to list all spells.
Aiming: Searing Ray (safe; 1% risk of failure)
Press: ? - help, Shift-Dir - straight line, f/p - brown ugly thing
Aim: a brown ugly thing (lightly wounded, very poisoned, 83% to hit)
You feel a surge of power!
The searing ray hits the brown ugly thing. (Press . to maintain the ray.) 😎 MP[-1]
You lost 1 mp, and now have 26/39 mp.
Casting: Searing Ray (safe; 1% risk of failure)
Confirm with . or Enter, or press ? or * to list all spells.
You feel a surge of power!
You erupt in a blast of force!
The mystic blast hits the brown ugly thing!!
The brown ugly thing is knocked back by the mystic blast. 😎 MP[-3]
You lost 3 mp, and now have 23/39 mp.
Casting: Iskenderun's Mystic Blast (dangerous; 1% risk of failure)
Confirm with . or Enter, or press ? or * to list all spells.
Aiming: Searing Ray (safe; 1% risk of failure)
Press: ? - help, Shift-Dir - straight line, f/p - brown ugly thing
Aim: a brown ugly thing (heavily wounded, very poisoned, 83% to hit)
You feel a surge of power!
The searing ray hits the brown ugly thing! (Press . to maintain the ray.) 😎 MP[-2]
You lost 2 mp, and now have 21/39 mp.
The searing ray hits the brown ugly thing!
Casting: Searing Ray (safe; 1% risk of failure)
Confirm with . or Enter, or press ? or * to list all spells.
You feel a surge of power!
You erupt in a blast of force!
The mystic blast hits the brown ugly thing!
You kill the brown ugly thing!
Vehumet accepts your kill. 😎 MP[-3]
You lost 3 mp, and now have 18/39 mp.
There is a stone staircase leading up, spattered with blood here. 😎 MP[+1] Psyche the Insane Magess comes into view.
She is wielding a +1 dagger of chaos and wearing a +1 robe of willpower.
Psyche moves out of view. 😎 MP[+20]
Your mp is fully restored (39).
There is a stone staircase leading up, spattered with blood here.
There is a stone staircase leading up here.
There is a stone staircase leading down here.
A tengu warrior comes into view. It is wielding a +0 dire flail.
The tengu warrior shouts!
The tengu warrior unwields a +0 dire flail.
The tengu warrior wields a +0 longbow.
The tengu warrior shoots an arrow.
The arrow hits you!! 😮 HP[-18]
You take 18 damage, and now have 38/56 hp.
MASSIVE DAMAGE!! (PAUSE)
Casting: Iskenderun's Mystic Blast (dangerous; 1% risk of failure)
Confirm with . or Enter, or press ? or * to list all spells.
Aiming: Poisonous Vapours (safe; 1% risk of failure)
Press: ? - help, Dir - move target, f - tengu warrior
Aim: a tengu warrior, wielding a +0 longbow, wearing a +0 leather armour and quivering arrows You feel a surge of power!
Poisonous vapours surround the tengu warrior!
The tengu warrior is poisoned.
The tengu warrior shoots an arrow.
The arrow hits you!!
Ouch! That really hurt!
* * * LOW HITPOINT WARNING * * *
😱 HP[-28] MP[-2]
You take 28 damage, and now have 10/56 hp.
MASSIVE DAMAGE!! (PAUSE)
You lost 2 mp, and now have 37/39 mp. 😱 MP[+1]
You start removing your amulet.
You continue taking off your amulet of magic regeneration {@e2}. x4
The tengu warrior unwields a +0 longbow.
The tengu warrior wields a +0 dire flail.
The tengu warrior barely misses you. The tengu warrior closely misses you.
The tengu warrior claws you.
* * * LOW HITPOINT WARNING * * *
You finish taking off your amulet of magic regeneration {@e2}. 😱 HP[-3] MP[+1]
You take 3 damage, and now have 7/56 hp.
Your mp is fully restored (39).
Casting: Poisonous Vapours (safe; 1% risk of failure)
Confirm with . or Enter, or press ? or * to list all spells.
You feel a surge of power!
You erupt in a blast of force!
The mystic blast hits the tengu warrior!!
The tengu warrior is knocked back by the mystic blast. 😱 MP[-4]
You lost 4 mp, and now have 35/39 mp.
Casting: Iskenderun's Mystic Blast (dangerous; 1% risk of failure)
Confirm with . or Enter, or press ? or * to list all spells.
Aiming: Stone Arrow (safe; 1% risk of failure)
Press: ? - help, Shift-Dir - straight line, f/p - tengu warrior
Aim: a tengu warrior, wielding a +0 dire flail, wearing a +0 leather armour and quivering arrows (heavily wounded, very poisoned, 58% to hit)
You feel a surge of power!
The stone arrow misses the tengu warrior.
The tengu warrior unwields a +0 dire flail.
The tengu warrior wields a +0 longbow.
The tengu warrior shoots an arrow.
The arrow hits you!
You die...

Skill      XL: |  1  2  3  4  5  6  7  8  9 10 11 |
---------------+----------------------------------+-----
Conjurations   | 5 6 7 8 9 10 11 | 11.1
Earth Magic    | 1 2 3 4 5 |  5.1
Spellcasting   | 4 5 6 7 9 11 13 | 13.7
Transmutations | 1 2 |  2.4
Hexes          | 1 2 3 |  3.0
Stealth        | 3 4 |  4.7
Translocations | 3 4 6 |  6.6
Air Magic      | 3 5 |  5.9
Armour         | 1 |  1.8
Dodging        | 3 |  3.8
Fighting       | 1 |  1.3
Poison Magic   | |  0.9

Action                   |  1- 3 |  4- 6 |  7- 9 | 10-12 || total
-------------------------+-------+-------+-------+-------++-------
Melee: Hand axe          |     1 |       |       |     2 ||     3
 Cast: Magic Dart        |    65 |    56 |   142 |    54 ||   317
       Searing Ray       |     7 |    26 |    63 |    20 ||   116
       Stone Arrow       |       |       |    29 |    76 ||   105
       Iskenderun's Myst |       |       |    11 |    20 ||    31
       Fulminant Prism   |       |       |     2 |     2 ||     4
       Poisonous Vapours |       |       |       |     7 ||     7
  Use: Scroll            |       |    10 |     5 |       ||    15
       Potion            |       |     1 |     3 |     1 ||     5
Armor: Robe              |     1 |       |     2 |    17 ||    20
       Leather armour    |       |       |     1 |       ||     1
Dodge: Dodged            |     5 |     3 |    48 |    29 ||    85

Levels and vault maps discovered:
D:1:      dpeg_arrival_solitude, layout_rooms,
          hellmonk_ecumenical_altar_run_dry, minmay_pentomino_w4
D:2:      layout_rooms, basic_altar, dk_vineyard_1
D:3:      layout_basic, serial_shops, shop, nicolae_wormholes
D:4:      layout_loops_cross, nicolae_overflow_squiral, uniq_blork_the_orc,
          uniq_sigmund, uniq_menkaure
D:5:      layout_loops_cross, uniq_crazy_yiuf_cottage
D:6:      layout_rooms, minmay_temple_entry_junction
D:7:      layout_loops_ring, mainiacjoe_overflow_brackets,
          kennysheep_little_box, minmay_fractal_squares_5
D:8:      layout_loops_ring, lemuel_tele_altar, general_overflow_altar,
          marbit_many_paths
D:9:      layout_roguey, uniq_joseph
D:10:     layout_irregular_city, erik_lair_dragon, david_orc_4,
          gammafunk_ghost_ooze
D:11:     layout_loops_ring, uniq_psyche
Temple:   regret_index_temple_generic_petals

Notes
Turn   | Place    | Note
-------+----------+-------------------------------------------
     0 | D:1      | mortz the Deep Elf Conjurer began the quest for the Orb.
     0 | D:1      | Reached XP level 1. HP: 10/10 MP: 6/6
     0 | D:1      | magus.rc [v1.9.6]
    98 | D:1      | You pick up a book of Burglary and begin reading...
    98 | D:1      | You add the spells Passwall, Ensorcelled Hibernation and
                  | Swiftness to your library.
   245 | D:1      | Reached XP level 2. HP: 15/15 MP: 6/8
   249 | D:1      | Learned a level 2 spell: Searing Ray
   281 | D:1      | Reached skill level 5 in Conjurations
   353 | D:1      | Learned a level 2 spell: Passwall
   384 | D:1      | Reached XP level 3. HP: 19/19 MP: 6/9
   511 | D:1      | Found a faded altar of an unknown god.
   567 | D:1      | Reached skill level 1 in Earth Magic
   870 | D:2      | Reached XP level 4. HP: 24/24 MP: 7/11
   881 | D:2      | Found a bloodstained altar of Trog.
  1149 | D:3      | Learned a level 3 spell: Dazzling Flash
  1293 | D:3      | Reached skill level 4 in Spellcasting
  1383 | D:3      | Found Xifiohoa's Magic Scroll Shop.
  1401 | D:3      | Reached skill level 1 in Transmutations
  1474 | D:3      | Reached skill level 2 in Earth Magic
  1474 | D:3      | Reached XP level 5. HP: 12/28 MP: 5/13
  2254 | D:4      | Noticed Sigmund
  2260 | D:4      | Killed Sigmund
  2261 | D:4      | Reached skill level 5 in Spellcasting
  2261 | D:4      | Reached skill level 6 in Conjurations
  2261 | D:4      | Reached skill level 1 in Hexes
  2261 | D:4      | Reached XP level 6. HP: 32/32 MP: 10/16
  2338 | D:4      | Reached skill level 2 in Hexes
  2338 | D:4      | Reached skill level 2 in Transmutations
  2356 | D:4      | Found a stormy altar of Qazlal.
  2370 | D:4      | Found a glowing silver altar of Zin.
  2455 | D:4      | Noticed Menkaure
  2474 | D:4      | HP: 7/32 [Menkaure/nerve-wracking pain (10)]
  2477 | D:4      | Killed Menkaure
  2478 | D:4      | Reached skill level 6 in Spellcasting
  2478 | D:4      | Reached skill level 3 in Earth Magic
  2478 | D:4      | Reached XP level 7. HP: 18/36 MP: 12/18
  3033 | D:4      | Noticed Blork the orc
  3041 | D:4      | Killed Blork the orc
  3082 | D:5      | Entered Level 5 of the Dungeon
  3089 | D:5      | Reached skill level 3 in Hexes
  3120 | D:5      | Reached skill level 3 in Stealth
  3120 | D:5      | Reached skill level 7 in Conjurations
  3124 | D:5      | Reached skill level 7 in Spellcasting
  3305 | D:5      | Reached XP level 8. HP: 41/41 MP: 16/21
  3403 | D:5      | Reached skill level 8 in Spellcasting
  3408 | D:5      | Learned a level 4 spell: Iskenderun's Mystic Blast
  3613 | D:5      | Reached skill level 8 in Conjurations
  3613 | D:5      | Reached skill level 1 in Translocations
  3622 | D:5      | You pick up a book of Geomancy and begin reading...
  3622 | D:5      | You add the spells Sandblast and Stone Arrow to your
                  | library.
  3627 | D:5      | Learned a level 3 spell: Stone Arrow
  3830 | D:5      | Found a runed translucent door.
  3831 | D:5      | Noticed Crazy Yiuf
  4052 | D:6      | Reached skill level 2 in Translocations
  4147 | D:6      | Reached skill level 9 in Spellcasting
  4233 | D:6      | Reached skill level 4 in Stealth
  4282 | D:6      | You fall into a shaft and drop 2 floors!
  4367 | D:8      | HP: 10/42 [poisoned by an orc warrior]
  4379 | D:8      | Reached skill level 3 in Translocations
  4379 | D:8      | Reached XP level 9. HP: 34/46 MP: 17/24
  4604 | D:6      | Reached skill level 9 in Conjurations
  4628 | D:6      | Reached skill level 10 in Spellcasting
  4879 | D:6      | magus.rc [v1.9.6]
  4929 | D:6      | Found a staircase to the Ecumenical Temple.
  4938 | Temple   | Entered the Ecumenical Temple
  5163 | Temple   | Became a worshipper of Vehumet
  5396 | D:6      | Learned a level 4 spell: Fulminant Prism
  5400 | D:6      | Learned a level 3 spell: Swiftness
  5439 | D:7      | Found a burning altar of Makhleb.
  5489 | D:7      | HP: 7/46 [centaur/arrow (10)]
  5500 | D:7      | HP: 5/46 [bullfrog skeleton (4)]
  5624 | D:7      | Reached skill level 4 in Translocations
  5624 | D:7      | Reached skill level 1 in Air Magic
  6399 | D:7      | Found a shadowy altar of Dithmenos.
  6495 | D:8      | Reached skill level 11 in Spellcasting
  6916 | D:8      | Found a sparkling altar of Nemelex Xobeh.
  6927 | D:8      | Reached skill level 2 in Air Magic
  6955 | D:8      | Found a broken altar of Ashenzari.
  7084 | D:8      | Found a shimmering blue altar of Sif Muna.
  7746 | D:9      | Noticed Joseph
  7863 | D:9      | Identified a +1 robe of the Archmagi
  7965 | D:9      | Reached skill level 1 in Armour
  8064 | D:9      | Reached * piety under Vehumet
  8064 | D:9      | Offered knowledge of Freeze by Vehumet.
  8066 | D:9      | Reached skill level 3 in Air Magic
  8067 | D:9      | Reached XP level 10. HP: 33/51 MP: 27/27
  8068 | D:9      | Reached skill level 10 in Conjurations
  8255 | D:9      | Noticed a two-headed ogre
  8260 | D:9      | Killed a two-headed ogre
  8280 | D:9      | Identified the +3 trident of Abuse {chaos, rN+++ Dex+7
                  | Stlth-}
  8454 | D:9      | Reached skill level 5 in Translocations
  8458 | D:9      | Reached skill level 3 in Dodging
  8458 | D:9      | Reached skill level 12 in Spellcasting
  8525 | D:10     | Entered Level 10 of the Dungeon
  8539 | D:10     | Reached skill level 1 in Fighting
  8539 | D:10     | Reached skill level 4 in Air Magic
  8539 | D:10     | Reached skill level 4 in Earth Magic
  8945 | D:10     | Offered knowledge of Poisonous Vapours by Vehumet.
  8948 | D:10     | Reached ** piety under Vehumet
  8968 | D:10     | Learned a level 2 spell: Poisonous Vapours
  8972 | D:10     | Found a staircase to the Orcish Mines.
  9023 | D:10     | magus.rc [v1.9.6]
  9230 | D:10     | magus.rc [v1.9.6]
  9385 | D:10     | Reached skill level 13 in Spellcasting
  9385 | D:10     | Reached skill level 6 in Translocations
  9385 | D:10     | Reached skill level 5 in Air Magic
  9385 | D:10     | Reached XP level 11. HP: 50/56 MP: 30/30
  9475 | D:10     | Found a staircase to the Lair.
  9663 | D:10     | Found a runed translucent gate.
  9663 | D:10     | Found a runed translucent gate.
  9664 | D:10     | Found a runed translucent gate.
  9664 | D:10     | Noticed WaxSun's ghost (journeyman OgFE)
  9666 | D:10     | Found a viscous altar of Jiyva.
  9696 | D:10     | Identified the +4 war axe of Somewhere Else {drain, *Slow
                  | rElec rF+++ Will-}
 10120 | D:11     | Noticed a seven-headed hydra
 10124 | D:11     | Killed a seven-headed hydra
 10166 | D:11     | Noticed a brown ugly thing
 10192 | D:11     | You add the spells Tukima's Dance, Passage of Golubria and
                  | Yara's Violent Unravelling to your library.
 10212 | D:11     | Reached skill level 11 in Conjurations
 10529 | D:11     | Reached skill level 5 in Earth Magic
 10664 | D:11     | Killed a brown ugly thing
 10701 | D:11     | Noticed Psyche
 10748 | D:11     | Noticed a tengu warrior
 10749 | D:11     | HP: 10/56 [tengu warrior/arrow (28)]
 10755 | D:11     | HP: 7/56 [tengu warrior/+0 dire flail (4)]
 10757 | D:11     | Shot with an arrow by a tengu warrior

Vanquished Creatures
  A hydra (D:11)
  A two-headed ogre (D:9)
  An ugly thing (D:11)
  A gargoyle (D:11)
  An unseen horror (D:10)
  2 komodo dragons (D:10)
  4 slime creatures (D:9)
  Sigmund (D:4)
  A wraith (D:11)
  2 shadows
  A wyvern (D:10)
  3 basilisks (D:10)
  Menkaure (D:4)
  2 water moccasins (D:6)
  A swamp drake (D:10)
  7 orc warriors
  3 black bears
  2 ice beasts
  3 ogres
  A necrophage (D:6)
  2 centaurs
  3 kobold brigands
  Blork the orc (D:4)
  2 bullfrogs (D:9)
  A scorpion (D:6)
  3 wyvern zombies
  16 killer bees
  5 wights
  A howler monkey (D:5)
  10 centaur zombies
  2 bullfrog zombies
  2 hounds
  2 gnoll shamans
  7 orc priests
  2 bullfrog skeletons
  4 iguanas
  9 orc wizards
  3 howler monkey zombies
  A howler monkey skeleton (D:6)
  5 adders
  19 gnolls
  2 shadow imps
  2 white imps
  2 adder skeletons (D:5)
  6 worms
  3 dart slugs
  35 orcs
  3 ball pythons
  11 endoplasms
  3 giant cockroaches
  7 goblins
  3 hobgoblins
  7 jackals
  23 kobolds
  4 quokkas
  4 bats
  8 frilled lizards
  5 rats
267 creatures vanquished.

Vanquished Creatures (others)
  4 fulminant prisms
4 creatures vanquished.

Grand Total: 271 creatures vanquished

Table legend:
 A = Non-vault XP
 B = Vault XP
 C = Vault XP percentage of total XP
 D = Non-vault monster count
 E = Vault monster count
 F = Vault count percentage of total count
                 A         B        C        D         E       F
            +---------+---------+-------+---------+---------+-------
      Total |   12625 |    3363 |  21.0 |     222 |      45 |  16.9
            +---------+---------+-------+---------+---------+-------
        D:1 |      46 |      14 |  23.3 |      24 |       8 |  25.0
        D:2 |      44 |       0 |   0.0 |      16 |       0 |   0.0
        D:3 |     168 |      10 |   5.6 |      28 |       2 |   6.7
        D:4 |     244 |     493 |  66.9 |      15 |       3 |  16.7
        D:5 |     994 |      10 |   1.0 |      18 |       2 |  10.0
        D:6 |    1379 |       0 |   0.0 |      32 |       0 |   0.0
        D:7 |     228 |     454 |  66.6 |      12 |       6 |  33.3
        D:8 |     619 |      46 |   6.9 |      16 |       1 |   5.9
        D:9 |    2980 |       0 |   0.0 |      33 |       0 |   0.0
       D:10 |    2650 |    2336 |  46.9 |      18 |      23 |  56.1
       D:11 |    3273 |       0 |   0.0 |      10 |       0 |   0.0
            +---------+---------+-------+---------+---------+-------

Illustrated notes

Table legend:
 A = Kills in this place as a percentage of kills in entire the game.
 B = Kills by you in this place as a percentage of kills by you in the entire game.
 C = Kills by friends in this place as a percentage of kills by friends in the entire game.
 D = Other kills in this place as a percentage of other kills in the entire game.
 E = Experience gained in this place as a percentage of experience gained in the entire game.
 F = Experience gained in this place divided by the number of levels of this place that you have seen.
                   A       B       C       D       E      F
               +-------+-------+-------+-------+-------+----------------------
         Total | 100.0 | 100.0 |   N/A |   N/A | 100.0 | 1332.3
       Dungeon | 100.0 | 100.0 |   N/A |   N/A | 100.0 | 1453.5
               +-------+-------+-------+-------+-------+----------------------

Table legend: (Time is in decaauts)
 A = Elapsed time spent in this place.
 B = Non-inter-level travel time spent in this place.
 C = Inter-level travel time spent in this place.
 D = Time resting spent in this place.
 E = Time spent auto-exploring this place.
 F = Levels seen in this place.
 G = Mean time per level.
                   A        B        C        D        E       F      G
               +--------+--------+--------+--------+--------+-----+--------+
         Total |  10747 |  10275 |    472 |   1919 |   6155 |  12 |  895.6 |
       Dungeon |  10493 |  10047 |    446 |   1919 |   5941 |  11 |  953.9 |
        Temple |    253 |    227 |     26 |      0 |    214 |   1 |  253.0 |
               +--------+--------+--------+--------+--------+-----+--------+

Top non-repeatable levels by time:
    D:10: 1781 daAuts
     D:7: 1285 daAuts
     D:8: 1159 daAuts
     D:3: 1120 daAuts
     D:5: 955 daAuts
     D:6: 935 daAuts
     D:4: 847 daAuts
     D:9: 842 daAuts
     D:1: 624 daAuts
     D:2: 488 daAuts
    D:11: 452 daAuts
  Temple: 253 daAuts
